 Dungeon Crawl Stone Soup version 0.19-a0-892-g8a19e52 (webtiles) character file.

1421 Gagarin the Conjurer (level 8, 0/63 HPs)
             Began as a Mottled Draconian Conjurer on July 4, 2016.
             Was an Initiate of Sif Muna.
             Slain by a cyan ugly thing (13 damage)
             ... on level 7 of the Dungeon.
             The game lasted 00:33:26 (7955 turns).

Gagarin the Conjurer (Mottled Draconian Conjurer)   Turns: 7955, Time: 00:33:26

Health: 0/63       AC:  7    Str: 10    XL:     8   Next: 44%
Magic:  8/15       EV: 15    Int: 18    God:    Sif Muna [......]
Gold:   311        SH:  0    Dex: 12    Spells: 4 memorised, 5 levels left

rFire  . . .     SeeInvis .     y - +0 quarterstaff
rCold  . . .     Gourm    .     (armour unavailable)
rNeg   . . .     Faith    .     (shield currently unavailable)
rPois  .         Spirit   .     (helmet restricted)
rElec  .         Dismiss  .     (no cloak)
rCorr  .         Reflect  .     m - +0 pair of gloves
SustAt .         Harm     .     (no boots)
MR     .....                    (no amulet)
Stlth  ++........               (no ring)
                                (no ring)

@: short of breath, not resistant to hostile enchantments, unstealthy
A: breathe sticky flame splash, unfitting armour, cold-blooded, AC +6
a: Breathe Sticky Flame, Renounce Religion


You were on level 7 of the Dungeon.
You worshipped Sif Muna.
Sif Muna was noncommittal.
You were hungry.

You visited 2 branches of the dungeon, and saw 8 of its levels.

You collected 311 gold pieces.

Inventory:

Hand Weapons
 d - a +0 dagger of electrocution
 y - a +0 quarterstaff (weapon)
Missiles
 A - 10 poisoned needles
 E - 4 tomahawks (quivered)
Armour
 m - a +0 pair of gloves (worn)
Jewellery
 u - an uncursed amulet of harm
 C - an uncursed amulet of regeneration {unknown}
Wands
 t - a wand of lightning (8/15)
Scrolls
 e - a scroll of random uselessness {unknown}
 f - 4 scrolls of identify
 g - 2 scrolls of enchant weapon {unknown}
 i - a scroll of immolation {unknown}
 j - a scroll of enchant armour {unknown}
 k - 2 scrolls of recharging {unknown}
 n - 2 scrolls of teleportation {unknown}
 q - a scroll of fear {unknown}
 r - a scroll of amnesia
 v - a scroll of blinking {unknown}
 D - a scroll of remove curse {unknown}
Potions
 c - a potion of heal wounds
 h - 2 potions of magic {unknown}
 o - 2 potions of cancellation
 p - a potion of beneficial mutation {unknown}
 w - 3 potions of might {unknown}
 x - a potion of mutation {unknown}
 z - a potion of agility {unknown}
 B - a potion of haste {unknown}
 G - a potion of curing {unknown}
Books
 a - a book of Conjurations

   Spells                             Type                      Level
   a - Magic Dart                     Conjuration                  1
   b - Searing Ray                    Conjuration                  2
   c - Dazzling Spray                 Conjuration/Hexes            3
   d - Fulminant Prism                Conjuration/Hexes            4
   e - Iskenderun's Mystic Blast      Conjuration                  4
   f - Iskenderun's Battlesphere      Conjuration/Charms           5
 F - a book of Enchantments

   Spells                             Type                      Level
   a - Cause Fear                     Hexes                        4
   b - Yara's Violent Unravelling     Hexes/Transmutation          5
   c - Silence                        Hexes/Air                    5
   d - Deflect Missiles               Charms/Air                   6
   e - Haste                          Charms                       6
   f - Discord                        Hexes                        8
Comestibles
 b - 3 bread rations
 l - 2 slices of pizza
 s - 3 meat rations
 H - 5 chunks of flesh


   Skills:
 + Level 3.5 Fighting
 + Level 2.2 Staves
 + Level 5.7 Dodging
 + Level 3.0 Stealth
 + Level 1.0 Unarmed Combat
 + Level 4.7 Spellcasting
 + Level 5.8 Conjurations
 * Level 1.1 Hexes
 + Level 0.2 Evocations


You had 5 spell levels left.
You knew the following spells:

 Your Spells              Type           Power        Failure   Level  Hunger
a - Magic Dart            Conj           ####         1%          1    None
b - Searing Ray           Conj           ####..       1%          2    #......
c - Fulminant Prism       Conj/Hex       ###.......   34%         4    ####...
d - Cause Fear            Hex            #.........   87%         4    ####...


Dungeon Overview and Level Annotations

Branches:
Dungeon (7/15)             Temple (1/1) D:6

Altars:
Ashenzari
Cheibriados
Dithmenos
Fedhas
Gozag
Hepliaklqana
Kikubaaqudgha
Makhleb
Nemelex Xobeh
Okawaru
Pakellas
Qazlal
Ru
Sif Muna
Trog
Uskayaw
Vehumet
Yredelemnul
Zin
The Shining One

Annotations:
D:6 Kenran's ghost, novice FoBe


Innate Abilities, Weirdness & Mutations

You can spit globs of burning liquid.
You can ignite nearby creatures when you spit burning liquid.
Your weird mottled scales are hard. (AC +6)
Your body does not fit into most forms of armour.
You are cold-blooded and may be slowed by cold attacks.


Message History

Casting: Magic Dart
Confirm with . or Enter, or press ? or * to list all spells.
Aiming: Searing Ray
Press: ? - help, Shift-Dir - straight line, f/p - cyan ugly thing
Aim: a cyan ugly thing (lightly wounded)
The searing ray hits the cyan ugly thing.
The cyan ugly thing is lightly wounded.
You are feeling hungry.
The cyan ugly thing tail-slaps you but does no damage.
The searing ray hits the cyan ugly thing.
The cyan ugly thing is moderately wounded.
The cyan ugly thing tail-slaps you! The cyan ugly thing shocks you!
The searing ray hits the cyan ugly thing.
The cyan ugly thing is moderately wounded.
The cyan ugly thing tail-slaps you. The cyan ugly thing shocks you!
The searing ray misses the cyan ugly thing.
You finish channeling your searing ray.
The cyan ugly thing tail-slaps you!
* * * LOW HITPOINT WARNING * * *
The cyan ugly thing shocks you!
You die...

........#...#...#....###
###.....#.).#.).#......#
#..##.#..(....#.......
.... #####._.###.......
.... #.......#.......
... #.).#...#....... ...
. #...#...#.......
......+#######'.......
........u@............
......####............
...>.< #............
...... #............
..... ##..........#
#...u ##........##
#.##....## #.# ##### #.#


You could see a cyan ugly thing.

Vanquished Creatures
  A water moccasin (D:5)
  The ghost of tsouns the Sneak, an amateur DsAs (D:4)
  An ogre (D:4)
  2 giant frogs
  2 scorpions
  A crimson imp (D:5)
  A giant frog zombie (D:5)
  2 hounds
  4 orc priests
  7 orc wizards
  5 worker ants
  Robin (D:3)
  A howler monkey zombie (D:6)
  9 gnolls (D:3)
  11 adders
  An ooze (D:4)
  A worm (D:4)
  A dart slug (D:2)
  4 giant geckos
  15 orcs
  9 bats
  7 giant cockroaches
  20 goblins
  14 hobgoblins
  25 jackals
  3 quokkas
  A giant gecko zombie (D:3)
  7 giant newts
  11 kobolds
  A quokka skeleton (D:4)
  A quokka zombie (D:5)
  3 rats
173 creatures vanquished.

Notes
Turn   | Place    | Note
-------+----------+-------------------------------------------
     0 | D:1      | Gagarin the Draconian Conjurer began the quest for the Orb.
     0 | D:1      | Reached XP level 1. HP: 14/14 MP: 3/3
   164 | D:1      | Reached XP level 2. HP: 6/20 MP: 1/5
   166 | D:1      | HP: 1/30 [hobgoblin (5)]
  1391 | D:1      | Reached XP level 3. HP: 26/26 MP: 3/6
  1657 | D:2      | Found a faded altar of an unknown god.
  1815 | D:2      | Learned a level 2 spell: Searing Ray
  2374 | D:2      | Reached XP level 4. HP: 34/34 MP: 0/7
  2775 | D:3      | Reached skill level 1 in Fighting
  2890 | D:3      | Noticed Robin
  3012 | D:3      | Killed Robin
  3012 | D:3      | Reached XP level 5. HP: 22/40 MP: 0/9
  3369 | D:3      | Learned a level 4 spell: Fulminant Prism
  3754 | D:3      | Reached skill level 1 in Unarmed Combat
  4218 | D:3      | Reached XP level 6. HP: 38/47 MP: 7/10
  4589 | D:4      | Found a sparkling altar of Nemelex Xobeh.
  4683 | D:4      | Noticed tsouns's ghost (amateur DsAs)
  4733 | D:4      | Killed tsouns's ghost
  4733 | D:4      | Reached skill level 1 in Staves
  4733 | D:4      | Reached skill level 5 in Conjurations
  5573 | D:4      | Your scales start taking on a weird mottled colour.
  5573 | D:4      | Reached XP level 7. HP: 56/56 MP: 6/12
  6081 | D:5      | Entered Level 5 of the Dungeon
  6532 | D:5      | Reached skill level 5 in Dodging
  6758 | D:5      | Reached XP level 8. HP: 63/63 MP: 4/14
  7266 | D:6      | Found a stormy altar of Qazlal.
  7266 | D:6      | Found a bloodstained altar of Trog.
  7268 | D:6      | Found a glowing silver altar of Zin.
  7309 | D:6      | Learned a level 4 spell: Cause Fear
  7357 | D:6      | Found a staircase to the Ecumenical Temple.
  7376 | Temple   | Entered the Ecumenical Temple
  7485 | Temple   | Became a worshipper of Sif Muna the Loreminder
  7746 | D:6      | Noticed Kenran's ghost (novice FoBe)
  7801 | D:7      | Reached skill level 1 in Hexes
  7908 | D:7      | Found a sacrificial altar of Ru.
  7931 | D:7      | Noticed a cyan ugly thing
  7955 | D:7      | Slain by a cyan ugly thing

Vault maps used:
D:1:      minmay_arrival_solitary_statue
D:2:      ecumenical_altar_2, first_bread, minmay_pentomino_q4
D:3:      lemuel_castle_with_subvaults, minmay_misc_feat_tower,
          minmay_liquid_box, serial_bayou_lake_a, uniq_robin
D:4:      nemelex_xobeh_ov_fountains_minmay, minmay_fountain_box
D:6:      grunt_temple_overflow_open, uniq_crazy_yiuf_cottage
D:7:      nicolae_ru_great_annihilating_truth, kennysheep_cluttered_room
Temple:   regret_index_temple_waves

Skill      XL: |  1  2  3  4  5  6  7  8 |
---------------+-------------------------+-----
Dodging        | 2 3 4 5 |  5.7
Stealth        | 2 3 |  3.0
Fighting       | 1 2 3 |  3.5
Unarmed Combat | 1 |  1.0
Spellcasting   | 3 4 |  4.7
Staves         | 1 2 |  2.2
Conjurations   | 5 |  5.8
Hexes          | 1 |  1.1
Evocations     | |  0.2

Action                   |  1- 3 |  4- 6 |  7- 9 || total
-------------------------+-------+-------+-------++-------
Melee: Unarmed           |    78 |   106 |       ||   184
       Tailslap          |    12 |    11 |     8 ||    31
       Quarterstaff      |       |    62 |    69 ||   131
 Cast: Magic Dart        |    70 |   114 |    96 ||   280
       Searing Ray       |     1 |    14 |    14 ||    29
 Abil: Breathe Sticky Fl |       |       |     2 ||     2
Evoke: Wand              |       |       |     2 ||     2
  Use: Potion            |     1 |     2 |       ||     3
       Scroll            |       |     3 |       ||     3
 Stab: Sleeping          |     1 |     2 |     1 ||     4
  Eat: Chunk             |     6 |    12 |     3 ||    21
       Meat ration       |       |       |     1 ||     1
Armor: Skin              |    34 |    90 |    35 ||   159
Dodge: Dodged            |    65 |   162 |    76 ||   303
